 Dungeon Crawl Stone Soup version bcrawl-1.18.1 (webtiles) character file.

Game seed: 353015280436690926

293 Notrik the Skirmisher (level 6, -8/56 HPs)
             Began as a Hill Orc Fighter on Nov 6, 2019.
             Mangled by an ogre
             ... wielding a +0 giant club
              (26 damage)
             ... on level 3 of the Dungeon.
             The game lasted 00:07:30 (2871 turns).

Notrik the Skirmisher (Hill Orc Fighter)            Turns: 2871, Time: 00:07:30

Health: -8/56      AC:  8    Str: 21    XL:     6   Next: 33%
Magic:  6/6        EV:  8    Int:  8    God:
Gold:   251        SH:  9    Dex: 10    Spells: 5/5 levels left

rFire    . . .     SeeInvis .   a - +0 war axe
rCold    . . .     Gourm    .   c - +0 shield
rNeg     . . .     Faith    .   b - +0 scale mail
rPois    .         Spirit   .   r - +0 helmet
rElec    .         Reflect  .   (no cloak)
rCorr    .         Harm     .   (no gloves)
MR       .....                  (no boots)
Stlth    ..........             (no amulet)
HPRegen  0.18/turn              (no ring)
MPRegen  0.10/turn              (no ring)

@: lethally poisoned (-8 -> -9)
A: no striking features
a: no special abilities


You were on level 3 of the Dungeon.
You were not hungry.

You visited 1 branch of the dungeon, and saw 4 of its levels.

You collected 251 gold pieces.

Inventory:

Hand Weapons
 a - a +0 war axe (weapon)
Armour
 b - a +0 scale mail (worn)
 c - a +0 shield (worn)
 r - a +0 helmet (worn)
Jewellery
 h - an uncursed ring of poison resistance {unknown}
 m - an uncursed ring of wizardry
Wands
 t - a wand of acid (8)
Scrolls
 i - 2 scrolls of fog {unknown}
 j - 2 scrolls of enchant armour {unknown}
 l - 3 scrolls of remove curse {unknown}
 n - 2 scrolls of magic mapping {unknown}
 o - 4 scrolls of teleportation {unknown}
 u - a scroll of blinking {unknown}
 v - a scroll of amnesia {unknown}
Potions
 d - a potion of might
 e - 2 potions of magic
 g - 2 potions of curing
 k - a potion of ambrosia {unknown}
 p - a potion of berserk rage {unknown}
 q - a potion of mutation {unknown}
 s - a potion of agility {unknown}
 w - a potion of brilliance {unknown}
Comestibles
 f - 5 rations {!d}
 x - a chunk of flesh


   Skills:
 + Level 5.3 Fighting
   Level 5.3 Short Blades
   Level 5.3 Long Blades
   Level 5.3 Axes
   Level 5.3 Maces & Flails
   Level 5.3 Polearms
   Level 5.3 Staves
 + Level 4.5 Armour
 + Level 1.1 Dodging
 + Level 0.2 Stealth
 + Level 4.7 Shields
   Level 5.3 Unarmed Combat


You had 5 spell levels left.
You didn't know any spells.
Your spell library contained the following spells:

 Spells                   Type           Power        Failure   Level  Hunger
 Sandblast                Erth           #.....       99%         1    ##.....
 Passwall                 Tmut/Erth      #.......     100%        2    ###....
 Stone Arrow              Conj/Erth      #.....       100%        3    ####...
 Petrify                  Tmut/Erth      #.......     100%        4    #####..
 Lee's Rapid Deconstruct  Erth           #.........   100%        5    ######.


Dungeon Overview and Level Annotations

Branches:
Dungeon (4/12)
 Temple: D:4-7

Altars:
Cheibriados
Dithmenos
Wu Jian
Zin


Message History

The worker ant bites you but does no damage.
You hit the worker ant.
The worker ant is heavily wounded.
You block the worker ant's attack.
The worker ant bites you but does no damage.
You closely miss the worker ant.
The worker ant is heavily wounded.
You feel sick. The worker ant bites you.
You slash the worker ant!
You kill the worker ant!
You slash the ogre!
The ogre is heavily wounded.
You block the ogre's attack.
You hit the ogre.
The ogre is heavily wounded.
You feel sick. You block the ogre's attack.
You barely miss the ogre.
The ogre is heavily wounded.
The ogre hits you with a +0 giant club!!
You die...

#############......
########..................
#..^.........##.####.#####
#.######.######.####.# #.#
#.## #......# #†# #..#
######## #.# ##.# #.#####
#.# ### #.....# #@# #..
#####.# #O# #.# #.# #.#
#.# #.# #.# #.# #.#
#.##############.# #.#
#>..).........##.# #.#
#..##########.##.# #.#
#..## ######.##.#
###########.###...##
#_..8#.##.#


You could see an ogre.

Vanquished Creatures
  2 crimson imps (D:3)
  A centaur skeleton (D:3)
  An iguana (D:3)
  A worker ant (D:3)
  5 adders
  5 worms
  3 dart slugs
  A leopard gecko (D:2)
  9 orcs
  5 giant cockroaches
  8 goblins
  11 hobgoblins
  2 ball pythons
  6 bats
  4 frilled lizards
  8 kobolds
  7 rats
79 creatures vanquished.

Notes
Turn   | Place    | Note
-------+----------+-------------------------------------------
     0 | D:1      | Notrik the Hill Orc Fighter began the quest for the Orb.
     0 | D:1      | Reached XP level 1. HP: 20/20 MP: 1/1
   143 | D:1      | Reached XP level 2. HP: 24/28 MP: 2/2
   715 | D:2      | Reached XP level 3. HP: 34/34 MP: 3/3
  1118 | D:2      | Found a snail-covered altar of Cheibriados.
  1230 | D:2      | Reached XP level 4. HP: 41/41 MP: 4/4
  1756 | D:3      | Found a glowing silver altar of Zin.
  1757 | D:3      | Noticed an angel
  1784 | D:3      | Reached skill level 5 in Fighting
  1784 | D:3      | Reached XP level 5. HP: 34/48 MP: 5/5
  2152 | D:3      | Found a glowing drain.
  2274 | D:3      | Reached skill level 1 in Dodging
  2296 | D:3      | Found a shadowy altar of Dithmenos.
  2369 | D:3      | Reached XP level 6. HP: 56/56 MP: 6/6
  2647 | D:3      | Found an ornate altar of the Wu Jian Council.
  2871 | D:3      | Mangled by an ogre

Skill      XL: |  1  2  3  4  5 |
---------------+----------------+-----
Armour         | 4 |  4.5
Fighting       | 5 |  5.3
Shields        | 4 |  4.7
Dodging        | 1 |  1.1
Short Blades   | |  5.3
Long Blades    | |  5.3
Axes           | |  5.3
Maces & Flails | |  5.3
Polearms       | |  5.3
Staves         | |  5.3
Stealth        | |  0.2
Unarmed Combat | |  5.3

Action                   |  1- 3 |  4- 6 || total
-------------------------+-------+-------++-------
Melee: War axe           |   104 |   154 ||   258
  Use: Scroll            |       |     3 ||     3
  Eat: Chunk             |     1 |     6 ||     7
Armor: Scale mail        |    36 |    64 ||   100
Dodge: Dodged            |    28 |    43 ||    71
Block: Shield            |    45 |    70 ||   115
